 Dungeon Crawl Stone Soup version 0.26.1-11-gd32895ea62 (webtiles) character file.

Game seed: 4598659906342233062

34366 DearestLeader the Nimble (level 13, -2/101 HPs)
             Began as a Gnoll Arcane Marksman on Apr 14, 2021.
             Was the Champion of Cheibriados.
             Slain by a death yak (5 damage)
             ... on level 6 of the Lair of Beasts.
             The game lasted 00:36:10 (19574 turns).

DearestLeader the Nimble (Gnoll Arcane Marksman)   Turns: 19574, Time: 00:36:10

Health: -2/101     AC: 23    Str: 25    XL:     13   Next: 76%
Magic:  22/26      EV: 22    Int: 35    God:    Cheibriados [******]
Gold:   1348       SH:  0    Dex: 31    Spells: 10/30 levels left

rFire    + . .     SeeInvis .   F - +2 flail (protect)
rCold    . . .     Faith    .   (no shield)
rNeg     . . .     Spirit   .   J - +0 ring mail
rPois    +         Reflect  .   b - +0 hat
rElec    .         Harm     .   C - +2 cloak of Resilience {rPois Str-3 Slay+6}
rCorr    .         Rampage  .   x - +1 pair of gloves
Will     .....                  (no boots)
Stlth    ++++......             M - amulet of regeneration
HPRegen  0.66/turn              I - ring of protection from fire
MPRegen  0.20/turn              l - +4 ring of protection

@: liquefying, protection aura, slowed movement, very slow
A: distributed training, fangs 1, strong nose
a: Renounce Religion, Bend Time, Temporal Distortion, Slouch, Step From Time


You were on level 6 of the Lair of Beasts.
You worshipped Cheibriados.
Cheibriados was exalted by your worship.
You visited 3 branches of the dungeon, and saw 17 of its levels.

You collected 1348 gold pieces.

Inventory:

Hand Weapons
 a - a +1 shortbow
 s - a +4 eveningstar of holy wrath
 D - a +1 vorpal hand axe
 F - a +2 flail of protection (weapon)
 H - a +2 trident of venom
 O - a +2 whip of electrocution
Missiles
 f - 15 arrows
 h - 81 poisoned darts (quivered)
Armour
 b - a +0 hat (worn)
 w - a +0 buckler
 x - a +1 pair of gloves (worn)
 C - the +2 cloak of Resilience (worn) {rPois Str-3 Slay+6}
   (You found it on level 7 of the Dungeon)

   It affects your strength (-3).
   It affects your accuracy and damage with ranged weapons and melee attacks
   (+6).
   It protects you from poison.
 J - a +0 ring mail (worn)
Jewellery
 g - an uncursed ring of see invisible
 l - a +4 ring of protection (right hand)
 q - an uncursed amulet of the acrobat
 E - an uncursed ring of poison resistance
 I - a ring of protection from fire (left hand)
 M - an amulet of regeneration (around neck)
 Q - an uncursed ring of magical power
 S - an uncursed ring of flight
 Y - an uncursed ring of resist corrosion
Wands
 d - a wand of iceblast (15)
 r - a wand of paralysis (9)
 N - a wand of polymorph (10)
 V - a wand of acid (10)
 Z - a wand of disintegration (17)
Scrolls
 e - a scroll of immolation
 i - 2 scrolls of enchant weapon
 j - a scroll of remove curse
 n - 6 scrolls of teleportation
 o - 3 scrolls of blinking
 u - 5 scrolls of magic mapping
 y - 2 scrolls of fear {unknown}
 B - 6 scrolls of amnesia
 K - 3 scrolls of acquirement {unknown}
 L - a scroll of enchant armour {unknown}
 R - a scroll of noise {unknown}
 W - a scroll of summoning {unknown}
 X - a scroll of fog {unknown}
Potions
 c - a potion of magic {unknown}
 k - 3 potions of flight
 m - 3 potions of heal wounds
 p - 7 potions of curing
 t - 2 potions of degeneration {unknown}
 v - 4 potions of brilliance
 z - a potion of mutation {unknown}
 A - 7 potions of attraction
 G - 3 potions of might
 T - a potion of resistance {unknown}
 U - 3 potions of lignification {unknown}


   Skills:
 + Level 9.0 Fighting
 + Level 8.6 Short Blades
 + Level 8.6 Long Blades
 + Level 8.6 Axes
 + Level 8.6 Maces & Flails
 + Level 8.6 Polearms
 + Level 8.6 Staves
 + Level 8.6 Slings
 + Level 9.7 Bows
 + Level 8.6 Crossbows
 + Level 8.6 Throwing
 + Level 8.6 Armour
 + Level 9.7 Dodging
 + Level 8.6 Stealth
 + Level 8.6 Shields
 + Level 8.6 Unarmed Combat
 + Level 9.1 Spellcasting
 + Level 7.1 Conjurations
 + Level 9.1 Hexes
 + Level 7.1 Summonings
 + Level 7.1 Necromancy
 + Level 7.1 Translocations
 + Level 7.1 Transmutations
 + Level 7.1 Fire Magic
 + Level 7.1 Ice Magic
 + Level 7.1 Air Magic
 + Level 7.1 Earth Magic
 + Level 7.1 Poison Magic
 + Level 9.4 Invocations
 + Level 8.6 Evocations


You had 10 spell levels left.
You knew the following spells:

 Your Spells              Type           Power        Failure   Level
a - Corona                Hex            75%          1%          1
b - Slow                  Hex            68%          1%          2
c - Portal Projectile     Hex/Tloc       100%         1%          3
d - Inner Flame           Hex/Fire       64%          1%          3
e - Leda's Liquefaction   Hex/Erth       32%          1%          4
f - Cause Fear            Hex            34%          1%          4
g - Mephitic Cloud        Conj/Pois/Air  60%          1%          3

Your spell library contained the following spells:

 Spells                   Type           Power        Failure   Level
 Ensorcelled Hibernation  Hex/Ice        100%         1%          2
 Poisonous Vapours        Pois/Air       100%         1%          2
 Confusing Touch          Hex            68%          1%          3
 Conjure Flame            Conj/Fire      60%          1%          3
 Dazzling Flash           Conj/Hex       100%         1%          3
 Tukima's Dance           Hex            68%          1%          3
 Bolt of Magma            Conj/Fire/Erth 30%          5%          5
 Iskenderun's Battlesphe  Conj           60%          5%          5
 Freezing Cloud           Conj/Ice/Air   30%          30%         6
 Iron Shot                Conj/Erth      30%          30%         6
 Orb of Destruction       Conj           30%          86%         7
 Spellforged Servitor     Conj/Summ      30%          86%         7


Dungeon Overview and Level Annotations

Branches:
Dungeon (10/15)            Temple (1/1) D:4            Lair (6/6) D:9
  Swamp (0/4) Lair:2        Snake (0/4) Lair:2        Slime (0/5) Lair:5
    Orc (0/2) D:9

Altars:
Ashenzari
Cheibriados
Dithmenos
Fedhas
Hepliaklqana
Kikubaaqudgha
Makhleb
Ru
Sif Muna
Uskayaw
Vehumet
Wu Jian
Yredelemnul
Zin
The Shining One

Shops:
D:4 (

Annotations:
Lair:3 2 transporters, exclusion: 2 oklob plants, Amplified's ghost, journeyman DEAr


Innate Abilities, Weirdness & Mutations

Your experience applies equally to all skills.
You have very sharp teeth.
Your uncanny sense of smell can sniff out nearby items.


Message History

You are too injured to fight recklessly!
You are too injured to fight recklessly!
You are too injured to fight recklessly!
Unknown command.
You barely miss the death yak.
The death yak is heavily wounded.
The death yak closely misses you. The death yak barely misses you.
The death yak misses you.
You hit the death yak.
You punch the death yak, but do no damage.
The death yak is heavily wounded.
The death yak barely misses you. The death yak closely misses you.
The death yak gores you!!
* * * LOW HITPOINT WARNING * * *
You hit the death yak.
The death yak is heavily wounded.
The death yak gores you!!
* * * LOW HITPOINT WARNING * * *
The death yak gores you.
You die...

.. PP.(. ###..(.
.(...) # ##...( .
###...( #PP.S(
#..YY## ##.Y@.###
#.......#
#P.P......##
#P.........## #
#..PP.#......##
###.
##.#..##......####
##... #..#.#
#..#....#P###....
## #.
####......##....#
##.........P##


You could see 3 death yaks and a black mamba (struggling).

Vanquished Creatures
  3 hydras (Lair:4)
  2 two-headed ogres
  2 death yaks
  Urug (Lair:4)
  The ghost of hallab the Cleaver, a novice DrGl of Dithmenos (D:9)
  A bog body (Lair:2)
  Pikel (D:8)
  4 black mambas
  13 elephants
  9 cane toads
  2 molten gargoyles (Lair:3)
  6 komodo dragons
  3 rime drakes
  Grinder (D:3)
  5 blink frogs (Lair:4)
  7 dream sheep (Lair:6)
  Sigmund (D:3)
  2 vampires
  7 wyverns
  A wraith (D:10)
  5 basilisks
  24 yaks
  3 wargs (D:9)
  4 nagas (Lair:2)
  14 water moccasins
  Edmund (D:5)
  3 sky beasts
  3 ice beasts
  3 orc warriors
  A phantom (D:6)
  A necrophage (D:7)
  9 wolves
  An eye of draining (D:10)
  3 ogres
  4 centaurs
  2 lemures (D:8)
  A big kobold (D:10)
  14 bullfrogs
  A gnoll sergeant (D:9)
  A water moccasin zombie (D:6)
  A water moccasin skeleton (D:10)
  8 scorpions
  10 killer bees
  3 howler monkeys
  An electric eel (Lair:1)
  A bullfrog zombie (D:10)
  4 lava snakes (Lair:3)
  5 bullfrog skeletons
  4 hounds
  4 jellies
  7 orc priests
  6 orc wizards
  A centaur skeleton (D:10)
  5 iguanas
  Ijyb (D:3)
  7 hell rats (Lair:4)
  7 worker ants
  2 hound skeletons
  2 howler monkey zombies
  A worker ant zombie (D:10)
  15 gnolls
  10 adders
  2 shadow imps
  3 white imps
  An ufetubus (D:6)
  5 oozes
  2 worms
  A dart slug (D:1)
  5 leopard geckos
  50 orcs
  2 ball pythons
  5 bats
  6 giant cockroaches
  5 goblins
  3 hobgoblins
  19 jackals
  8 quokkas
  A ball python skeleton (D:6)
  8 frilled lizards
  9 kobolds
  A leopard gecko zombie (D:6)
  7 rats
  A butterfly (Lair:1)
419 creatures vanquished.

Vanquished Creatures (others)
  2 butterflies (Lair:5)
  16 fungi
  11 plants
29 creatures vanquished.

Grand Total: 448 creatures vanquished

Notes
Turn   | Place    | Note
-------+----------+-------------------------------------------
     0 | D:1      | DearestLeader the Gnoll Arcane Marksman began the quest for
                  | the Orb.
     0 | D:1      | Reached XP level 1. HP: 17/17 MP: 4/4
    55 | D:1      | Reached XP level 2. HP: 23/23 MP: 5/5
   515 | D:1      | Learned a level 2 spell: Slow
   634 | D:1      | Reached XP level 3. HP: 28/28 MP: 5/7
  1189 | D:2      | Reached skill level 1 in Invocations
  1830 | D:3      | Noticed Ijyb
  1892 | D:3      | Killed Ijyb
  1893 | D:3      | Reached skill level 1 in Short Blades
  1893 | D:3      | Reached skill level 1 in Long Blades
  1893 | D:3      | Reached skill level 1 in Axes
  1893 | D:3      | Reached skill level 1 in Maces & Flails
  1893 | D:3      | Reached skill level 1 in Polearms
  1893 | D:3      | Reached skill level 1 in Staves
  1893 | D:3      | Reached skill level 1 in Slings
  1893 | D:3      | Reached skill level 1 in Crossbows
  1893 | D:3      | Reached skill level 1 in Throwing
  1893 | D:3      | Reached skill level 1 in Armour
  1893 | D:3      | Reached skill level 1 in Stealth
  1893 | D:3      | Reached skill level 1 in Shields
  1893 | D:3      | Reached skill level 1 in Unarmed Combat
  1893 | D:3      | Reached skill level 1 in Evocations
  1893 | D:3      | Reached XP level 4. HP: 27/34 MP: 4/8
  2102 | D:3      | Found a broken altar of Ashenzari.
  2235 | D:3      | Reached skill level 1 in Conjurations
  2235 | D:3      | Reached skill level 1 in Summonings
  2235 | D:3      | Reached skill level 1 in Necromancy
  2235 | D:3      | Reached skill level 1 in Translocations
  2235 | D:3      | Reached skill level 1 in Transmutations
  2235 | D:3      | Reached skill level 1 in Fire Magic
  2235 | D:3      | Reached skill level 1 in Ice Magic
  2235 | D:3      | Reached skill level 1 in Air Magic
  2235 | D:3      | Reached skill level 1 in Earth Magic
  2235 | D:3      | Reached skill level 1 in Poison Magic
  2407 | D:3      | Reached XP level 5. HP: 36/40 MP: 3/9
  2492 | D:3      | Noticed Grinder
  2503 | D:3      | Paralysed by Grinder for 4 turns
  2529 | D:3      | Killed Grinder
  2530 | D:3      | Reached skill level 5 in Bows
  2530 | D:3      | Reached skill level 5 in Dodging
  2530 | D:3      | Reached XP level 6. HP: 19/47 MP: 5/11
  2886 | D:3      | Noticed Sigmund
  2900 | D:3      | Killed Sigmund
  2901 | D:3      | Reached XP level 7. HP: 44/52 MP: 8/12
  3197 | D:4      | Found a staircase to the Ecumenical Temple.
  3215 | Temple   | Entered the Ecumenical Temple
  3244 | Temple   | Became a worshipper of Cheibriados the Contemplative
  3285 | D:4      | Learned a level 3 spell: Portal Projectile
  3289 | D:4      | Learned a level 3 spell: Inner Flame
  4026 | D:4      | Found Uruac's Weapon Boutique.
  4880 | D:4      | Reached * piety under Cheibriados
  5000 | D:5      | Entered Level 5 of the Dungeon
  5018 | D:5      | Reached XP level 8. HP: 25/60 MP: 11/14
  5028 | D:5      | HP: 2/60 [white imp/puff of frost (8)]
  5391 | D:5      | Noticed Edmund
  5416 | D:5      | Killed Edmund
  5654 | D:5      | Learned a level 4 spell: Leda's Liquefaction
  5760 | D:5      | You fall into a shaft and drop 1 floor!
  6209 | D:6      | Reached ** piety under Cheibriados
  6219 | D:6      | Reached XP level 9. HP: 33/66 MP: 16/16
  6224 | D:6      | Learned a level 4 spell: Cause Fear
  6800 | D:6      | Reached skill level 5 in Spellcasting
  7102 | D:6      | Reached skill level 5 in Fighting
  7797 | D:6      | Reached *** piety under Cheibriados
  7977 | D:7      | Reached skill level 5 in Invocations
  8303 | D:7      | Got a scorched cloak
  8308 | D:7      | Identified the +2 cloak of Resilience {rPois Str-3 Slay+6}
                  | (You found it on level 7 of the Dungeon)
  8469 | D:7      | Reached **** piety under Cheibriados
  8864 | D:8      | Noticed Pikel
  8901 | D:8      | Killed Pikel
  8902 | D:8      | Reached XP level 10. HP: 58/75 MP: 18/18
  9070 | D:8      | Reached skill level 5 in Short Blades
  9070 | D:8      | Reached skill level 5 in Long Blades
  9070 | D:8      | Reached skill level 5 in Axes
  9070 | D:8      | Reached skill level 5 in Maces & Flails
  9070 | D:8      | Reached skill level 5 in Polearms
  9070 | D:8      | Reached skill level 5 in Staves
  9070 | D:8      | Reached skill level 5 in Slings
  9070 | D:8      | Reached skill level 5 in Crossbows
  9070 | D:8      | Reached skill level 5 in Throwing
  9070 | D:8      | Reached skill level 5 in Armour
  9070 | D:8      | Reached skill level 5 in Stealth
  9070 | D:8      | Reached skill level 5 in Shields
  9070 | D:8      | Reached skill level 5 in Unarmed Combat
  9070 | D:8      | Reached skill level 5 in Evocations
  9973 | D:9      | Found a runed translucent door.
 10059 | D:9      | Noticed hallab's ghost (novice DrGl)
 10094 | D:9      | Killed hallab's ghost
 10236 | D:9      | Reached ***** piety under Cheibriados
 10319 | D:9      | Found a staircase to the Lair.
 10622 | D:9      | Noticed a two-headed ogre
 10629 | D:9      | Killed a two-headed ogre
 10785 | D:9      | Found a staircase to the Orcish Mines.
 10809 | D:9      | Reached XP level 11. HP: 74/83 MP: 7/20
 11523 | D:10     | Entered Level 10 of the Dungeon
 11629 | D:10     | Noticed a two-headed ogre
 11647 | D:10     | Reached skill level 5 in Conjurations
 11647 | D:10     | Reached skill level 5 in Summonings
 11647 | D:10     | Reached skill level 5 in Necromancy
 11647 | D:10     | Reached skill level 5 in Translocations
 11647 | D:10     | Reached skill level 5 in Transmutations
 11647 | D:10     | Reached skill level 5 in Fire Magic
 11647 | D:10     | Reached skill level 5 in Ice Magic
 11647 | D:10     | Reached skill level 5 in Air Magic
 11647 | D:10     | Reached skill level 5 in Earth Magic
 11647 | D:10     | Reached skill level 5 in Poison Magic
 11647 | D:10     | Killed a two-headed ogre
 12776 | D:10     | Reached ****** piety under Cheibriados
 12782 | D:10     | Learned a level 3 spell: Mephitic Cloud
 13281 | Lair:1   | Entered Level 1 of the Lair of Beasts
 15091 | Lair:2   | Found a staircase to the Snake Pit.
 15169 | Lair:2   | Reached XP level 12. HP: 91/91 MP: 20/23
 15182 | Lair:2   | Found a staircase to the Swamp.
 16007 | Lair:3   | Found a transporter.
 16017 | Lair:3   | Noticed Amplified's ghost (journeyman DEAr)
 16045 | Lair:3   | Noticed a catoblepas
 16139 | Lair:3   | Found a transporter.
 16619 | Lair:4   | Noticed Urug
 16638 | Lair:4   | Killed Urug
 17164 | Lair:4   | Noticed a six-headed hydra
 17164 | Lair:4   | Noticed a four-headed hydra
 17164 | Lair:4   | Noticed a five-headed hydra
 17218 | Lair:4   | Killed a four-headed hydra
 17219 | Lair:4   | Reached XP level 13. HP: 99/99 MP: 25/25
 18472 | Lair:5   | Found a staircase to the Slime Pits.
 19370 | Lair:6   | Entered Level 6 of the Lair of Beasts
 19443 | Lair:6   | Found a blossoming altar of Fedhas.
 19574 | Lair:6   | HP: 3/101 [death yak (23)]
 19574 | Lair:6   | Slain by a death yak

Illustrated notes

Levels and vault maps discovered:
D:1:      eino_arrival_water_cross, layout_rooms, minmay_door_square,
          minmay_quantized
D:2:      layout_basic, minmay_pentomino_q4
D:3:      layout_rooms, ashenzari_conservatory_becter,
          kennysheep_generic_room_8, uniq_ijyb, uniq_sigmund, uniq_grinder
D:4:      layout_gridville, minmay_temple_entry_large_hall, serial_shops,
          kennysheep_little_box
D:5:      layout_loops_ring, uniq_edmund
D:6:      minmay_polygon_palace, layout_loops_ring, serial_park_tiny_pond
D:7:      layout_loops_ring
D:8:      layout_cave_pods, uniq_pikel
D:9:      layout_basic, minmay_orc_entry_guard_dogs,
          ebering_ghost_reflecting_pool, special_room [special_room_orc]
D:10:     layout_loops_ring, serial_co_window_serial, co_window_paths_b,
          co_window_paths_a, co_window_paths_a, co_window_paths_b,
          co_window_paths_a, co_window_corner_a, co_window_of_opportunity_a,
          co_window_cross_1, co_window_paths_b, co_window_corner_b,
          co_window_corner_b, co_window_corner_b, co_window_unsneaky_path_b,
          co_window_of_opportunity_c, glass_columns_c, glass_columns_a,
          glass_columns_a, glass_columns_c, glass_columns_a,
          kennysheep_small_circle
Temple:   compressed_dpeg_circular_temple
Lair:1:   layout_cave_pods, lemuel_fruit_fields, infiniplex_staircase_pool,
          grunt_megastairs_2
Lair:2:   layout_misc_corridors, skrybe_swamp_entry_bodies,
          minmay_snake_entry_guardpost_small
Lair:3:   cheibrodos_magma_flow, layout_gridlike,
          gammafunk_ghost_berserking_beasts, lemuel_fruit_tree,
          serial_bayou_shore_a, minmay_lair_oklob_chamber
Lair:4:   nzn_winding_woodlands_stair_trap [nzn_winding_woodlands_5x15_pool,
          nzn_winding_woodlands_5x15_crooked,
          nzn_winding_woodlands_5x15_sawtooth,
          nzn_winding_woodlands_15x15_killbox,
          nzn_winding_woodlands_5x15_pockets, nzn_winding_woodlands_5x15_jagged,
          nzn_winding_woodlands_5x15_lazy_stream], layout_long_grid, uniq_urug
Lair:5:   layout_regular_city, nicolae_slime_entry_slimehenge, st_stairs_9,
          lemuel_fruit_fields, grunt_megastairs_5, infiniplex_staircase_pool_2
Lair:6:   wormcave, layout_hall_layers, basic_altar,
          grunt_forest_large_clearings

Skill      XL: |  1  2  3  4  5  6  7  8  9 10 11 12 13 |
---------------+----------------------------------------+-----
Invocations    | 1 2 3 4 5 6 7 8 9 |  9.4
Short Blades   | 1 2 3 4 5 6 7 8 |  8.6
Long Blades    | 1 2 3 4 5 6 7 8 |  8.6
Axes           | 1 2 3 4 5 6 7 8 |  8.6
Maces & Flails | 1 2 3 4 5 6 7 8 |  8.6
Polearms       | 1 2 3 4 5 6 7 8 |  8.6
Staves         | 1 2 3 4 5 6 7 8 |  8.6
Slings         | 1 2 3 4 5 6 7 8 |  8.6
Crossbows      | 1 2 3 4 5 6 7 8 |  8.6
Throwing       | 1 2 3 4 5 6 7 8 |  8.6
Armour         | 1 2 3 4 5 6 7 8 |  8.6
Stealth        | 1 2 3 4 5 6 7 8 |  8.6
Shields        | 1 2 3 4 5 6 7 8 |  8.6
Unarmed Combat | 1 2 3 4 5 6 7 8 |  8.6
Spellcasting   | 3 4 5 6 7 8 9 |  9.1
Evocations     | 1 2 3 4 5 6 7 8 |  8.6
Conjurations   | 1 2 3 4 5 6 7 |  7.1
Summonings     | 1 2 3 4 5 6 7 |  7.1
Necromancy     | 1 2 3 4 5 6 7 |  7.1
Translocations | 1 2 3 4 5 6 7 |  7.1
Transmutations | 1 2 3 4 5 6 7 |  7.1
Fire Magic     | 1 2 3 4 5 6 7 |  7.1
Ice Magic      | 1 2 3 4 5 6 7 |  7.1
Air Magic      | 1 2 3 4 5 6 7 |  7.1
Earth Magic    | 1 2 3 4 5 6 7 |  7.1
Poison Magic   | 1 2 3 4 5 6 7 |  7.1
Fighting       | 3 4 5 6 7 8 9 |  9.0
Bows           | 5 6 7 8 9 |  9.7
Dodging        | 5 6 7 8 9 |  9.7
Hexes          | 6 7 8 9 |  9.1

Action                   |  1- 3 |  4- 6 |  7- 9 | 10-12 | 13-15 || total
-------------------------+-------+-------+-------+-------+-------++-------
Melee: Hand axe          |    19 |       |    39 |       |    89 ||   147
       Bite              |     1 |       |    14 |    12 |    37 ||    64
       Punch             |       |       |     4 |     1 |    15 ||    20
       Flail             |       |       |    42 |    39 |    66 ||   147
       Shortbow          |       |       |     1 |       |       ||     1
       Whip              |       |       |       |     2 |       ||     2
 Fire: Shortbow          |   129 |    77 |   466 |   706 |   130 ||  1508
 Cast: Corona            |    23 |    17 |    34 |     9 |       ||    83
       Slow              |     1 |     1 |     8 |    11 |     1 ||    22
       Portal Projectile |       |       |     2 |     3 |     1 ||     6
       Inner Flame       |       |       |       |     9 |       ||     9
       Leda's Liquefacti |       |       |       |     3 |     4 ||     7
       Cause Fear        |       |       |       |       |     1 ||     1
Invok: Slouch            |       |       |       |     1 |       ||     1
  Use: Scroll            |     3 |     3 |     5 |     2 |     3 ||    16
       Potion            |       |       |     2 |       |       ||     2
 Stab: Sleeping          |       |       |       |       |     2 ||     2
Armor: Robe              |     1 |       |       |       |       ||     1
       Ring mail         |    21 |     4 |    71 |    94 |    95 ||   285
       Chain mail        |       |     5 |    75 |       |       ||    80
Dodge: Dodged            |    58 |    22 |   260 |   388 |   252 ||   980
